 Dungeon Crawl Stone Soup version 0.31.0-11-ge490571c62 (webtiles) character file.

Game seed: 10409335886057837369

3990 Flugkiller the Thaumaturge (level 10, -12/73 HPs)
             Began as a Vine Stalker Ice Elementalist on Feb 3, 2024.
             Was a Believer of Sif Muna.
             Engulfed by a fire crab's flame (19 damage)
             ... on level 9 of the Dungeon.
             The game lasted 00:18:22 (2569 turns).

Flugkiller the Thaumaturge (VSIE)                   Turns: 2569, Time: 00:18:23

Health: -12/73     AC: 25    Str: 10    XL:     10   Next: 22%
Magic:  0/35       EV:  2    Int: 19    God:    Sif Muna [**....]
Gold:   199        SH: 11    Dex: 29    Spells: 18/31 levels left

rFire   . . .        w - +4 trident (drain)
rCold   . . .        r - +4 buckler "Ymoumuuz" {Dex+7}
rNeg    . . .        e - melded +0 steam dragon scales
rPois   +            (helmet currently unavailable)
rElec   .            (cloak currently unavailable)
rCorr   .            (gloves currently unavailable)
SInv    .            (boots currently unavailable)
Will    +....        f - amulet of magic regeneration
Stlth   +++          h - ring of magical power
HPRegen 1.12/turn    j - +6 ring of dexterity
MPRegen 0.64/turn

%: guardian spirit
@: tree-form (expiring), channelling, on berserk cooldown, slowed, very slow
A: stationary, stasis, torment immunity, boosted hp, (fangs 3), regeneration 1,
magic shield, (antimagic bite), no potion heal 2, (deformed body), (poison
resistance)
a: Renounce Religion, Channel Magic


You were on level 9 of the Dungeon.
You worshipped Sif Muna.
Sif Muna was pleased with you.
You were a tree.
You visited 2 branches of the dungeon, and saw 10 of its levels.

You collected 199 gold pieces.

Inventory:

Hand Weapons
 c - a +3 long sword
   (You took it off a wight on level 6 of the Dungeon)
 g - a +1 short sword of speed
   (You took it off an orc on level 3 of the Dungeon)
 l - a +1 whip of electrocution
   (You took it off Pikel on level 4 of the Dungeon)
 w - a +4 trident of draining (weapon)
   (You took it off Jeremiah on level 8 of the Dungeon)
Armour
 e - +0 steam dragon scales (melded)
   (You found it on level 8 of the Dungeon)
 r - the +4 buckler "Ymoumuuz" (worn) {Dex+7}
   (You found it on level 7 of the Dungeon)

   Dex+7:     It affects your dexterity (+7).
 s - the +0 ring mail of Wu Jian's Delight {rC+ SInv}
   (You found it on level 7 of the Dungeon)

   rC+:       It protects you from cold.
   SInv:      It lets you see invisible.
 x - an orb of guile
   (You took it off Jeremiah on level 8 of the Dungeon)
Jewellery
 f - an amulet of magic regeneration (around neck)
   (You found it on level 6 of the Dungeon)
 h - a ring of magical power (left branch)
   (You found it on level 3 of the Dungeon)
 i - a ring of resist corrosion
   (You found it on level 4 of the Dungeon)
 j - a +6 ring of dexterity (right branch)
   (You found it on level 4 of the Dungeon)
 o - a ring of poison resistance
   (You found it on level 6 of the Dungeon)
Talismans
 b - a serpent talisman
   (You found it on level 3 of the Dungeon)
Wands
 m - a wand of flame (4)
   (You found it on level 4 of the Dungeon)
Scrolls
 u - a scroll of enchant armour
Potions
 a - a potion of brilliance
 q - a potion of curing
 v - 3 potions of lignification


   Skills:
 + Level 3.4 Fighting
 + Level 3.6 Dodging
 - Level 2.4 Stealth
 + Level 3.4 Shields
 - Level 11.0 Spellcasting
 - Level 2.0 Summonings
 - Level 7.3 Ice Magic
 * Level 1.3 Invocations


You had 18 spell levels left.
You knew the following spells:

 Your Spells              Type           Power      Damage    Failure   Level
a - Freeze                Ice            100%       1d10      1%          1
b - Frozen Ramparts       Ice            76%        1d12      1%          3
c - Ozocubu's Armour      Ice            38%        N/A       1%          3
d - Summon Ice Beast      Ice/Summ       28%        N/A       4%          3
e - Hailstorm             Conj/Ice       24%        3d7       7%          3

Your spell library contained the following spells:

 Spells                   Type           Power      Damage    Failure   Level


Dungeon Overview and Level Annotations

Branches:
Dungeon (9/15) Zot: 26686  Temple (1/1) D:6 Zot: 5998     Orc (0/2) D:9
   Lair: D:8-11

Altars:
Ashenzari
Dithmenos
Elyvilon
Fedhas
Gozag
Hepliaklqana
Kikubaaqudgha
Makhleb
Nemelex Xobeh
Okawaru
Sif Muna
Trog
Uskayaw
Vehumet
Xom
Yredelemnul
The Shining One

Shops:
D:2 [   D:5 :

Annotations:
D:7 exclusion: upstairs


Innate Abilities, Weirdness & Mutations

You are a tree.
Your roots penetrate the ground, keeping you stationary.
You cannot be teleported.
You are immune to unholy pain and torment.
Your maximum health is greatly increased.
Your equipment is partially melded.
((You have razor-sharp teeth.))
Your natural rate of healing is unusually fast.
When hurt, damage is shared between your health and your magic reserves.
((Your bite disrupts and absorbs the magic of your enemies.))
Potions cannot restore your health.
((Armour fits poorly on your strangely shaped body.))
((Your system is resistant to poisons. (rPois)))


Message History

You block the fire crab's attack. x2
Magic courses through your body.
You are engulfed in blazing flames.
* * * LOW HITPOINT WARNING * * *
The fire crab bites you but does no damage.
The fire crab claws you.
You are engulfed in flames!
* * * LOW HITPOINT WARNING * * *
Okay, then.
Okay, then.
The fire crab bites you but does no damage.
The fire crab claws you but does no damage.
You block the fire crab's attack. x2
Unknown command.
Casting: Hailstorm (dangerous; 7% risk of failure)
Confirm with . or Enter, or press ? or * to list all spells.
A film of ice covers your body!
The fire crab bites you but does no damage.
The fire crab claws you!
* * * LOW HITPOINT WARNING * * *
You are engulfed in flames!
* * * LOW HITPOINT WARNING * * *
The heat melts your icy armour.
Okay, then.
Okay, then.
Okay, then.
Okay, then.
You swing at nothing.
You feel less invigorated. The fire crab breathes flames at you.
The blast of flame engulfs you but does no damage.
You block the fire crab's attack.
The fire crab claws you but does no damage.
The heat melts your icy armour.
Unknown command.
You swing at nothing.
You are engulfed in blazing flames.
The fire crab breathes flames at you.
The blast of flame engulfs you but does no damage.
The fire crab bites you but does no damage.
You block the fire crab's attack. The heat melts your icy armour.
Casting: Ozocubu's Armour (safe; 1% risk of failure)
Confirm with . or Enter, or press ? or * to list all spells.
A chill wind blows around you.
Your transformation is almost over.
The fire crab breathes flames at you.
The blast of flame engulfs you but does no damage.
The fire crab breathes flames at you.
The blast of flame engulfs you but does no damage.
The heat melts your icy armour.
You are engulfed in blazing flames.
* * * LOW HITPOINT WARNING * * *
You block the fire crab's attack.
The fire crab claws you but does no damage.
Your ice beast is engulfed in blazing flames.
Your ice beast hits the fire crab but does no damage.
The heat melts your icy armour.
Unknown command.
Okay, then.
You are engulfed in blazing flames.
The fire crab bites you but does no damage.
You block the fire crab's attack.
Your ice beast barely misses the fire crab.
The fire crab bites you but does no damage.
You block the fire crab's attack.
Your ice beast barely misses the fire crab.
The heat melts your icy armour.
Unknown command.
Okay, then.
Okay, then.
Unknown command.
Unknown command.
You swing at nothing.
You are engulfed in blazing flames.
You feel less invigorated.
The fire crab bites you but does no damage.
You block the fire crab's attack.
Your ice beast hits the fire crab.
Flame seeps out of the fire crab.
Your ice beast freezes the fire crab.
Flame seeps out of the fire crab.
The fire crab bites you but does no damage.
You block the fire crab's attack.
Your ice beast hits the fire crab but does no damage.
The heat melts your icy armour.
Unknown command.
You fail to use your ability.
The fire crab breathes flames at you.
The blast of flame engulfs you but does no damage.
Your ice beast hits the fire crab but does no damage.
The heat melts your icy armour.
Unknown command.
Unknown command.
You swing at nothing.
You are engulfed in blazing flames.
Your icy armour melts away.
* * * LOW HITPOINT WARNING * * *
The fire crab breathes flames at you.
The blast of flame engulfs you but does no damage.
Your ice beast is engulfed in blazing flames.
Your ice beast dies!
Your ice beast disappears in a puff of smoke!
The fire crab breathes flames at you.
The blast of flame engulfs you but does no damage.
Unknown command.
You are engulfed in blazing flames.
You die...

#.# #######...## °°° #.#..### #°#
#.#..... #°# #.##.#.. #°#.#
#.##.#.# #°#.# #.#.##.#.# #°#.#
#.#.##.#.# #t#.# #.#.##.#.# #♣#.#
#.#.##.#.# #.#.# #.#.##.#.# #.#.#
#.#'##.#.. #.#.#####....#.#.#
#.......#.<..#.#..
###.###.#....#.... ...#
#.#.#....... ###### #####
#...........
.....###################.#####...


You could see a fire crab (inner flame).

Vanquished Creatures
  Pikel (D:4)
  Jeremiah (D:8)
  A hornet (D:9)
  A yak (D:5)
  A steam dragon (D:8)
  2 water moccasins
  3 ice beasts
  A wolf (D:8)
  3 centaurs
  A phantom (D:5)
  2 lemures (D:4)
  3 bullfrogs
  2 kobold brigands
  A scorpion (D:4)
  4 wights (D:6)
  3 electric eels (D:8)
  A howler monkey (D:6)
  2 bombardier beetles
  4 hounds
  3 jellies
  3 orc priests
  2 sleepcaps (D:5)
  3 iguanas
  3 orc wizards
  3 gnolls (D:5)
  7 adders
  3 white imps
  A howler monkey simulacrum (D:8)
  2 ribbon worms
  2 dart slugs (D:4)
  20 orcs
  3 ball pythons
  4 bats
  3 endoplasms (D:3)
  8 jackals (D:3)
  A quokka (D:5)
  4 goblins
  26 kobolds
  2 rats
140 creatures vanquished.

Vanquished Creatures (collateral kills)
  An ice beast (D:6)
  2 ogres
  2 kobold brigands
  A jelly (D:7)
  A gnoll bouda (D:5)
  An orc wizard (D:7)
  A gnoll (D:5)
  An orc (D:7)
10 creatures vanquished.

Vanquished Creatures (others)
  An ogre (D:5)
  A hound (D:5)
  An iguana (D:5)
  3 orcs
6 creatures vanquished.

Grand Total: 156 creatures vanquished

Notes
Turn   | Place    | Note
-------+----------+-------------------------------------------
     0 | D:1      | Flugkiller the Vine Stalker Ice Elementalist began the
                  | quest for the Orb.
     0 | D:1      | Reached XP level 1. HP: 9/9 MP: 4/4
    38 | D:2      | Found Addej's Antique Armour Emporium.
    67 | D:2      | Reached XP level 2. HP: 6/13 MP: 1/6
   217 | D:2      | Reached skill level 3 in Spellcasting
   217 | D:2      | Reached XP level 3. HP: 12/16 MP: 2/8
   345 | D:3      | Learned a level 3 spell: Frozen Ramparts
   349 | D:3      | Learned a level 3 spell: Ozocubu's Armour
   399 | D:3      | Reached XP level 4. HP: 18/21 MP: 7/10
   409 | D:3      | Reached skill level 5 in Ice Magic
   567 | D:4      | Reached skill level 4 in Spellcasting
   567 | D:4      | Reached XP level 5. HP: 24/24 MP: 11/12
   679 | D:4      | Reached XP level 6. HP: 10/28 MP: 0/14
   700 | D:4      | Found a white marble altar of Elyvilon.
   715 | D:4      | Noticed Pikel
   828 | D:4      | Killed Pikel
   829 | D:4      | Reached skill level 6 in Spellcasting
   829 | D:4      | Reached XP level 7. HP: 27/32 MP: 8/17
   874 | D:4      | Found a bloodstained altar of Trog.
   942 | D:5      | Entered Level 5 of the Dungeon
  1019 | D:5      | Found Tag Edgh's Self-Published Books.
  1029 | D:5      | Learned a level 3 spell: Summon Ice Beast
  1048 | D:5      | Reached skill level 1 in Summonings
  1048 | D:5      | Gained mutation: You have razor-sharp teeth. [Vine Stalker
                  | growth]
  1048 | D:5      | Reached XP level 8. HP: 36/36 MP: 18/18
  1130 | D:5      | Reached skill level 7 in Spellcasting
  1151 | D:5      | Noticed a yak
  1152 | D:5      | Found a shimmering altar of Xom.
  1162 | D:5      | Killed a yak
  1170 | D:5      | Reached skill level 8 in Spellcasting
  1346 | D:6      | Reached skill level 9 in Spellcasting
  1352 | D:6      | Found a staircase to the Ecumenical Temple.
  1358 | Temple   | Entered the Ecumenical Temple
  1368 | D:6      | Reached XP level 9. HP: 25/39 MP: 5/23
  1385 | D:6      | Found a shimmering blue altar of Sif Muna.
  1399 | D:6      | Became a worshipper of Sif Muna the Loreminder
  1434 | D:6      | Reached skill level 10 in Spellcasting
  1526 | D:6      | Found a shadowy altar of Dithmenos.
  1690 | D:6      | Learned a level 3 spell: Hailstorm
  1784 | D:7      | Found a burning altar of Makhleb.
  1833 | D:7      | Reached skill level 11 in Spellcasting
  1849 | D:7      | Identified the +4 buckler "Ymoumuuz" {Dex+7}
  1860 | D:7      | Identified the +0 ring mail of Wu Jian's Delight {rC+ SInv}
  1984 | D:7      | Reached * piety under Sif Muna
  2025 | D:8      | Noticed Jeremiah
  2080 | D:8      | Killed Jeremiah
  2081 | D:8      | Reached skill level 1 in Fighting
  2081 | D:8      | Reached skill level 1 in Shields
  2220 | D:8      | Reached XP level 10. HP: 47/47 MP: 26/26
  2270 | D:9      | Found a staircase to the Orcish Mines.
  2305 | D:8      | Reached ** piety under Sif Muna
  2363 | D:9      | Noticed a fire crab
  2446 | D:9      | Reached skill level 1 in Invocations
  2555 | D:9      | Gained mutation: Your system is resistant to poisons.
                  | (rPois) [potion of mutation]
  2555 | D:9      | Gained mutation: Armour fits poorly on your strangely
                  | shaped body. [potion of mutation]
  2557 | D:9      | I want to cry
  2557 | D:9      | why is there a fire crab here
  2557 | D:9      | I have died SO many times
  2557 | D:9      | This run finally had some good things
  2557 | D:9      | and of course, theres some stupid vault that has a fire
                  | crab in it, and I see it in a corridor
  2557 | D:9      | then of course it breathes it's flame cloud on the orcs in
                  | front of it
  2557 | D:9      | and now I literally cant win
  2558 | D:9      | HP: 3/73 [fire crab] (1)]
  2569 | D:9      | Engulfed by a fire crab's flame

Illustrated notes

#.# #######...## ... #.#..### #.#
#.#..... #.# #.##.#.. #.#.#
#.##.#.# #)#.# #.#.##.#.# #)#.#
#.#.##.#.# #t#.# #.#.##.#.# #♣#.#
#.#.##.#.# #.#.# #.#.##.#.# #.#.#
#.#'##.#.. #.#.#####....#.#.#
#.......#.<..#.#..
###.###.#....#.... ...#
#.#.#....... ###### #####
#...........
.....###################.#####...


Turn 2557 on D:9: I want to cry

Levels and vault maps discovered:
D:1:      eino_arrival_tree_alley, layout_basic, ebering_ecumenical_altar_webs
D:2:      layout_rooms, serial_shops, nicolae_shop_dealshenge,
          nicolae_figureground_pulse
D:3:      layout_loops_ring, lemuel_crystal_altar,
          nicolae_ru_the_path_less_chosen, zin_academy, nicolae_hexahallways
D:4:      layout_gridville, mainiacjoe_overflow_chevrons,
          mainiacjoe_overflow_brackets, minmay_tree_intersection, uniq_pikel
D:5:      layout_loops_corners, xom_confusion_cloud, minmay_misc_feat_chi,
          nicolae_custom_books
D:6:      layout_gridville, nicolae_overflow_hidden_temple, lemuel_round_altar,
          temple_green
D:7:      layout_layer_cave, mainiacjoe_overflow_24_doors, marbit_many_paths
D:8:      layout_basic, serial_ice, serial_ice_o, serial_ice_h, serial_ice_m,
          serial_ice_f, serial_ice_i, serial_ice_g, serial_ice_a, serial_ice_e,
          serial_ice_b, serial_ice_d, uniq_jeremiah
D:9:      layout_basic, david_lair_generic, minmay_orc_entry_temple_large,
          kennysheep_just_a_vault
Temple:   bh_familiar_temple

Skill      XL: |  1  2  3  4  5  6  7  8  9 10 |
---------------+-------------------------------+-----
Spellcasting   | 3 4 6 9 11 | 11.0
Ice Magic      | 5 7 |  7.3
Summonings     | 1 2 |  2.0
Fighting       | 2 3 |  3.4
Dodging        | 3 |  3.6
Shields        | 2 3 |  3.4
Invocations    | 1 |  1.3
Stealth        | |  2.4

Action                     |  1- 3 |  4- 6 |  7- 9 | 10-12 || total
---------------------------+-------+-------+-------+-------++-------
  Melee: Unarmed           |     8 |       |       |       ||     8
         Club              |    21 |       |       |       ||    21
         Bite              |     9 |    16 |    37 |     6 ||    68
         Punch             |     2 |       |     1 |       ||     3
         Short sword       |     7 |    60 |       |       ||    67
         Whip              |       |       |    75 |       ||    75
         Trident           |       |       |    13 |    12 ||    25
         Long sword        |       |       |     4 |       ||     4
   Cast: Freeze            |    24 |    15 |    13 |       ||    52
         Frozen Ramparts   |     1 |     8 |    28 |     6 ||    43
         Ozocubu's Armour  |       |       |     5 |     4 ||     9
         Summon Ice Beast  |       |       |    14 |     2 ||    16
         Hailstorm         |       |       |    12 |     1 ||    13
 Invoke: Channel Magic     |       |       |       |     3 ||     3
  Evoke: Wand              |       |       |    13 |     2 ||    15
    Use: Potion            |     1 |     1 |     2 |     6 ||    10
         Scroll            |       |       |     6 |     2 ||     8
   Stab: Sleeping          |     1 |     2 |     1 |       ||     4
 Armour: Robe              |    48 |    38 |    80 |       ||   166
         Skin              |       |       |       |    41 ||    41
         Steam dragon scal |       |       |       |    12 ||    12
  Dodge: Dodged            |    45 |    37 |    63 |     6 ||   151
  Block: Buckler           |       |       |     4 |    27 ||    31
